[Event "Early-Titled-Tuesday-Blitz-September-12-2023"]
[Site "Chess.com"]
[Date "2023.09.12"]
[Round "6"]
[White "Good_Knight_Kiss"]
[Black "RebecaJimnz"]
[Result "1-0"]
[WhiteElo "2399"]
[BlackElo "2195"]
[TimeControl "180+1"]
[EndTime "9:04:34 PDT"]
[Termination "Good_Knight_Kiss won by resignation"]

1. e4 g6 2. d4 Bg7 3. Nc3 d6 4. f4 a6 5. Nf3 b5 6. Bd3 Bb7 7. a4 Nf6 8. e5 dxe5 9. fxe5 Nd5 10.
axb5 Nb4 11. bxa6 Nxd3+ 12. Qxd3 Bxa6 13. Qe4 Nd7 14. e6 Nf6 15. exf7+ Kxf7 16. Ng5+ Ke8 17.
Qc6+ Nd7 18. Rxa6 Rxa6 19. Qxa6 e5 20. Ne6 Qh4+ 21. g3 Qe7 22. Nxg7+ Qxg7 23. Qe6+ Kd8 24. Bg5+ Kc8 25. O-O exd4 26. Rf7 1-0

[Event "Early-Titled-Tuesday-Blitz-September-12-2023"]
[Site "Chess.com"]
[Date "2023.09.12"]
[Round "6"]
[White "hansen"]
[Black "seramoral"]
[Result "1-0"]
[WhiteElo "2883"]
[BlackElo "2603"]
[TimeControl "180+1"]
[EndTime "9:04:35 PDT"]
[Termination "hansen won by resignation"]

1. d4 Nf6 2. c4 g6 3. Nc3 d5 4.
e3 Bg7 5. Bd2 e6 6. Rc1 O-O 7. Nf3 Nbd7 8. b4 dxc4 9. Bxc4 c6 10.
O-O a5 11. b5 c5 12. Na4 cxd4 13. Nxd4 Nb6 14. Nxb6 Qxb6 15. Qb3 Ne4 16. Be1 Bd7 17. Qb1 Nd6 18. a4 Nxc4 19. Rxc4 Rfc8 20. Rxc8+ Rxc8 21.
Nb3 Bc3 22. Qd3 Bxe1 23. Rxe1 Be8 24. h4 h5 25. Rd1 e5 26. Qe4 Qc7 27. Rc1 Qd7 28.
Rxc8 Qxc8 29. Qxe5 b6 30. Qd4 Qc7 31. Nd2 Bd7 32. Nc4 Be6 33. Nxb6 Qc1+ 34. Kh2 Qc2 35. e4 Qe2 36. Nd5 Qg4 37. Nf6+ 1-0

[Event "Early-Titled-Tuesday-Blitz-September-12-2023"]
[Site "Chess.com"]
[Date "2023.09.12"]
[Round "6"]
[White "Rud_Makarian"]
[Black "FabianoCaruana"]
[Result "0-1"]
[WhiteElo "2963"]
[BlackElo "3072"]
[TimeControl "180+1"]
[EndTime "9:04:36 PDT"]
[Termination "FabianoCaruana won by resignation"]

1. d4 Nf6 2. c4 e6 3. Nf3 d5 4.
g3 Be7 5. Bg2 O-O 6. O-O dxc4 7.
Qc2 a6 8. a4 Bd7 9. Qxc4 Bc6 10. Bg5 Nbd7 11. Rd1 h6 12. Bxf6 Nxf6 13. Nc3 Qd6 14.
Qb3 Rfd8 15. a5 Bf8 16. Qc2 Rac8 17. e4 Qb4 18. Ne5 Be8 19. d5 exd5 20. exd5 Bd6 21. Nf3 Bd7 22. Rd4 Qc5 23. b4 Qa7 24. Qd2 Re8 25. Rd1 Re7 26. Qc2 Rce8 27. h3 b6 28. axb6 Qxb6 29. Qd3 Bxb4 30. Nd2 Bf5 31. Qc4 Bd6 32. Rb1 Bxb1 0-1

[Event "Early-Titled-Tuesday-Blitz-September-12-2023"]
[Site "Chess.com"]
[Date "2023.09.12"]
[Round "6"]
[White "viktorskliarov"]
[Black "Eloist"]
[Result "1-0"]
[WhiteElo "2662"]
[BlackElo "2485"]
[TimeControl "180+1"]
[EndTime "9:04:36 PDT"]
[Termination "viktorskliarov won by resignation"]

1. e4 e6 2. d4 d5 3. e5 c5 4.
c3 Qb6 5. Nf3 Bd7 6. Be2 cxd4 7.
cxd4 Bb5 8. Nc3 Bxe2 9. Qxe2 Nc6 10. O-O Nge7 11. Be3 Nf5 12. Na4 Qa5 13. b3 Ba3 14. g4 Nxe3 15. fxe3 b5 16. Nb2 O-O 17. Nd3 Rac8 18.
Rf2 Ne7 19. Raf1 f6 20. exf6 Rxf6 21. Ng5 Rg6 22. Qf3 Rf6 23. Qe2 Rg6 24. h4 h6 25.
Nh3 Nc6 26. h5 Rf6 27. Rxf6 gxf6 28. Rxf6 Rf8 1-0

[Event "Early-Titled-Tuesday-Blitz-September-12-2023"]
[Site "Chess.com"]
[Date "2023.09.12"]
[Round "6"]
[White "MusicCityMaster"]
[Black "DKmirl"]
[Result "1-0"]
[WhiteElo "2374"]
[BlackElo "2260"]
[TimeControl "180+1"]
[EndTime "9:04:36 PDT"]
[Termination "MusicCityMaster won by checkmate"]

1. e4 c5 2. Nf3 Nc6 3. d3 g6 4.
g3 Bg7 5. Bg2 Nf6 6. O-O Kf8 7.
Re1 d6 8. Nc3 Kg8 9. h3 e5 10. Be3 h6 11. Qd2 Kh7 12. Nh2 Nd4 13. f4 Bd7 14. Rf1 Qc8 15. fxe5 dxe5 16. g4 Ne6 17. Nd5 Nxd5 18. exd5 Nd8 19. Rf2 f6 20. Raf1 Nf7 21. Nf3 Kg8 22. Nh4 Kh7 23. Nxg6 Kxg6 24. Be4+ f5 25. Rxf5 Ng5 26. Rf6# 1-0

[Event "Early-Titled-Tuesday-Blitz-September-12-2023"]
[Site "Chess.com"]
[Date "2023.09.12"]
[Round "6"]
[White "El_Matador12"]
[Black "Tsyhanchuk_Stanislav"]
[Result "1-0"]
[WhiteElo "2609"]
[BlackElo "2426"]
[TimeControl "180+1"]
[EndTime "9:04:38 PDT"]
[Termination "El_Matador12 won by checkmate"]

1. d4 Nf6 2. Bg5 Ne4 3. h4 h6 4. Bf4 c5 5. d5 d6 6. Nd2 Bf5 7. Nxe4 Bxe4 8. f3 Bh7 9. e4 Nd7 10. Ne2 Qb6 11. Qc1 O-O-O 12. Nc3 e6 13. a4 a5 14.
dxe6 fxe6 15. Bc4 Re8 16. O-O g5 17. Be3 Bg7 18. Ra3 gxh4 19. Rb3 Qc6 20. Qd2 h3 21. Nb5 Be5 22. Na7+ Kc7 23. Nxc6 bxc6 24. Qxa5+ Kc8 25.
Ba6# 1-0

[Event "Early-Titled-Tuesday-Blitz-September-12-2023"]
[Site "Chess.com"]
[Date "2023.09.12"]
[Round "6"]
[White "Arimin1329"]
[Black "TomLiu777"]
[Result "1-0"]
[WhiteElo "2283"]
[BlackElo "2394"]
[TimeControl "180+1"]
[EndTime "9:04:53 PDT"]
[Termination "Arimin1329 won by resignation"]

1. Nf3 f5 2. b4 Nf6 3. Bb2 e6 4. b5 d5 5. d3 c6 6. bxc6 bxc6 7. e3 Bd6 8. Be2 O-O 9. O-O Bd7 10. d4 Be8 11. Ba3 Bxa3 12. Nxa3 Qd6 13. Nb1 Nbd7 14.
c4 Bh5 15. Nbd2 Kh8 16. Qa4 Bxf3 17. Nxf3 Ne4 18. Rfc1 Ndf6 19. cxd5 cxd5 20. Rc6 Qe7 21. Ne5 Rac8 22. Rac1 Rxc6 23. Qxc6 Ng4 24. Bxg4 fxg4 25. Nxg4 Qh4 26. Qxe6 Nxf2 27. Qf7 Qd8 28. Ne5 Nd3 29.
Rf1 1-0

[Event "Early-Titled-Tuesday-Blitz-September-12-2023"]
[Site "Chess.com"]
[Date "2023.09.12"]
[Round "6"]
[White "IwkooO"]
[Black "ljuks68"]
[Result "1-0"]
[WhiteElo "2636"]
[BlackElo "2444"]
[TimeControl "180+1"]
[EndTime "9:04:54 PDT"]
[Termination "IwkooO won by resignation"]

1. e4 e6 2. d4 d5 3. Bd3 dxe4 4. Bxe4 Nf6 5. Bf3 Nbd7 6. Ne2 Bd6 7. O-O e5 8. Nbc3 O-O 9. Ng3 exd4 10. Qxd4 Ne5 11. Be2 Neg4 12. Bf4 Bxf4 13. Qxf4 Qd6 14. Qxd6 cxd6 15.
Rad1 Rd8 16. Rd4 d5 17. Rfd1 Be6 18. Bxg4 Bxg4 19. f3 Be6 20. Nge2 Rd7 21. Nf4 Rad8 22. h4 h5 23. Kf2 Kf8 24. Nce2 Rc8 25. c3 Rc4 26.
Rxc4 dxc4 27. Nxe6+ fxe6 28. Rxd7 Nxd7 29. Nf4 Nc5 30. Ke3 Na4 31. Nxe6+ Kf7 32. Nf4 g6 33. Kd4 Nxb2 34. g4 hxg4 35. fxg4 b5 36. Nd5 a5 37. a3 Na4 38. Nc7 b4 39. axb4 axb4 40. cxb4 c3 41. Kd3 Ke7 42. Nd5+ 1-0

[Event "Early-Titled-Tuesday-Blitz-September-12-2023"]
[Site "Chess.com"]
[Date "2023.09.12"]
[Round "6"]
[White "mishanick"]
[Black "Aradhya2000"]
[Result "1-0"]
[WhiteElo "3072"]
[BlackElo "2697"]
[TimeControl "180+1"]
[EndTime "9:04:56 PDT"]
[Termination "mishanick won by resignation"]

1. d4 d5 2. c4 e6 3. Nc3 Nf6 4.
Nf3 h6 5. cxd5 exd5 6. Bf4 Bd6 7. Be5 c6 8. e3 O-O 9. Bd3 Re8 10. h3 Bxe5 11. Nxe5 Nbd7 12. f4 Nxe5 13. fxe5 Ne4 14. O-O f5 15. Bxe4 dxe4 16. Qb3+ Kh7 17.
Ne2 Be6 18. Qxb7 Rb8 19. Qxc6 Rxb2 20. Nf4 Bf7 21. e6 Rb6 22. Qc5 Bxe6 23. Nxe6 Rexe6 24. Qxf5+ Kh8 25. Rf4 Qe7 26. Raf1 Rf6 27. Qc8+ Kh7 28.
Rxf6 Rxf6 29. Rxf6 Qxf6 30. Qb7 Qf5 31. Qxa7 Qg5 32. Qa3 Qg3 33. Qc1 h5 34. Qd2 Qd6 35. Qf2 Qd5 36. a4 g6 37. Qf4 Kg7 38. Qe5+ Qxe5 39.
dxe5 Kf7 40. a5 Ke6 41. a6 Kxe5 42. a7 Kd5 43. a8=Q+ Ke5 44. Qa7 Kf5 45. Qd4 g5 46. Qd5+ Kf6 47. Qd4+ 1-0

[Event "Early-Titled-Tuesday-Blitz-September-12-2023"]
[Site "Chess.com"]
[Date "2023.09.12"]
[Round "6"]
[White "MdImranCM"]
[Black "Let_it_be_1"]
[Result "0-1"]
[WhiteElo "2486"]
[BlackElo "2663"]
[TimeControl "180+1"]
[EndTime "9:04:58 PDT"]
[Termination "Let_it_be_1 won by resignation"]

1. d4 d5 2. Bf4 e6 3. Nd2 Bd6 4. e3 Bxf4 5. exf4 Ne7 6. Bd3 b6 7.
Ngf3 Ba6 8. Bxa6 Nxa6 9. Qe2 Nb8 10. h4 O-O 11. c3 c5 12. h5 h6 13. Ne5 Nbc6 14.
Ndf3 Qd6 15. O-O Rac8 16. Rfd1 cxd4 17. Nxd4 Nxd4 18. Rxd4 f6 19. Nf3 Nc6 20. Rd2 Rfe8 21. g3 e5 22. fxe5 fxe5 23. Rad1 d4 24. Qc4+ Kh8 25. Nh4 Qf6 26. Ng6+ Kh7 27. Qd5 Qf5 28. cxd4 Red8 29. Qb5 Nxd4 30. Rxd4 Rxd4 31. Rxd4 Qb1+ 32.
Kh2 exd4 33. Qd7 Qc2 34. Qxd4 Qf5 35. Nf4 Rc2 36. b4 Rxa2 37. Qd6 Rxf2+ 38. Kg1 Rb2 39.
Nd3 Rd2 0-1

[Event "Early-Titled-Tuesday-Blitz-September-12-2023"]
[Site "Chess.com"]
[Date "2023.09.12"]
[Round "6"]
[White "younix2022"]
[Black "IngOscarArdila"]
[Result "1-0"]
[WhiteElo "2039"]
[BlackElo "2293"]
[TimeControl "180+1"]
[EndTime "9:04:58 PDT"]
[Termination "younix2022 won by resignation"]

1. Nf3 Nf6 2. c4 g6 3. Nc3 Bg7 4. d4 O-O 5. g3 d6 6. Bg2 Nbd7 7. O-O c6 8. Rb1 Qc7 9. a3 e5 10. dxe5 Nxe5 11. Nxe5 dxe5 12. e4 Bg4 13. f3 Rad8 14. Qe1 Be6 15. Be3 Bxc4 16. Rf2 b5 17.
Rc2 Qb8 18. Bf1 Bxf1 19. Kxf1 Rfe8 20. b4 Nd7 21. a4 Bf8 22. axb5 cxb5 23. Nd5 Rc8 24.
Rbc1 Rxc2 25. Rxc2 Rc8 26. Qc1 Rxc2 27. Qxc2 Qb7 28.
Kg2 a6 29. h4 h5 30. Qc3 f5 31. Bg5 a5 32. bxa5 b4 33. Qb3 Kh7 34. Qa4 b3 35.
Bc1 b2 36. Bxb2 Qxb2+ 37. Kh3 Nc5 38. Nf6+ Kg7 39. Ne8+ Kf7 40. Qc6 Qb7 41. Qxb7+ Nxb7 42. a6 Nd8 43. a7 1-0

[Event "Early-Titled-Tuesday-Blitz-September-12-2023"]
[Site "Chess.com"]
[Date "2023.09.12"]
[Round "6"]
[White "Chessmissile07"]
[Black "LUISMIGUELOV"]
[Result "1-0"]
[WhiteElo "2874"]
[BlackElo "2133"]
[TimeControl "180+1"]
[EndTime "9:05:00 PDT"]
[Termination "Chessmissile07 won by resignation"]

1. e4 c6 2. d4 d5 3. exd5 cxd5 4. Bd3 Nc6 5. c3 Qc7 6. h3 Nf6 7. Nf3 g6 8. O-O Bf5 9. Re1 Bxd3 10. Qxd3 Ne4 11. Nbd2 f5 12. Nb3 e6 13. Nfd2 Kf7 14.
f3 Qg3 15. Qe2 Bd6 16. Nf1 Qh4 17. fxe4 dxe4 18. Qf2 Qxf2+ 19. Kxf2 Rae8 20. Nbd2 e5 21. Nc4 Bc7 22. Nxe5+ Nxe5 23. dxe5 Rxe5 24. Be3 Rd8 25. Rad1 Red5 26. Rxd5 Rxd5 27. Bd4 a6 28. Ne3 Rd7 29. g3 b5 30. Rd1 b4 31. cxb4 h5 32. h4 f4 33. gxf4 Bxf4 34. Ke2 Ke6 35. Bc5 Bxe3 36. Bxe3 Rxd1 37. Kxd1 Kd5 38. b3 Ke5 39.
Ke2 Kf5 40. a4 Kg4 41. Bg5 1-0

[Event "Early-Titled-Tuesday-Blitz-September-12-2023"]
[Site "Chess.com"]
[Date "2023.09.12"]
[Round "6"]
[White "Lennis93"]
[Black "the-gambler"]
[Result "1-0"]
[WhiteElo "2739"]
[BlackElo "2539"]
[TimeControl "180+1"]
[EndTime "9:05:04 PDT"]
[Termination "Lennis93 won by resignation"]

1. Nf3 d5 2. c4 e6 3. e3 Nf6 4.
Nc3 Be7 5. d4 O-O 6. Qc2 dxc4 7.
Bxc4 a6 8. a4 c5 9. O-O Nc6 10.
Rd1 cxd4 11. Nxd4 Nxd4 12. Rxd4 Qc7 13. Bd3 Bd7 14. e4 Ng4 15. g3 Ne5 16. Be2 Bc5 17. Rd1 Qb6 18. Bf4 Bxf2+ 19. Kg2 f6 20. Bxe5 fxe5 21. Rxd7 Bd4 22. Rf1 Qc6 23. Re7 Rxf1 24. Bxf1 Rf8 25. Qb3 Rf2+ 26. Kh3 Rxf1 27. Rxe6 Qd7 28.
g4 Rf3+ 29. Kg2 Rf2+ 30. Kg3 Rf7 31. Qd5 Bxc3 32. bxc3 Qxa4 33. Re7 1-0

[Event "Early-Titled-Tuesday-Blitz-September-12-2023"]
[Site "Chess.com"]
[Date "2023.09.12"]
[Round "6"]
[White "dadice10"]
[Black "ljm509"]
[Result "0-1"]
[WhiteElo "2204"]
[BlackElo "2346"]
[TimeControl "180+1"]
[EndTime "9:05:04 PDT"]
[Termination "ljm509 won by resignation"]

1. e4 e6 2. d4 d5 3. Nc3 dxe4 4.
Nxe4 Nd7 5. Nf3 Ngf6 6. Nxf6+ Nxf6 7. Bg5 h6 8. Be3 Be7 9. Bd3 Nd5 10. Qe2 Nxe3 11.
Qxe3 c5 12. O-O-O Qa5 13. Kb1 cxd4 14. Nxd4 O-O 15. h4 Bf6 16. Qe4 Rd8 17. Qh7+ Kf8 18.
Nb3 Qc7 19. g4 Bd7 20. g5 hxg5 21. hxg5 Bxg5 22. Nd4 Bf6 23. Be4 Qc5 24. Bxb7 Rab8 25.
Nb3 Qe5 0-1

[Event "Early-Titled-Tuesday-Blitz-September-12-2023"]
[Site "Chess.com"]
[Date "2023.09.12"]
[Round "6"]
[White "ckgchess"]
[Black "FoxOnTheRun97"]
[Result "1-0"]
[WhiteElo "2870"]
[BlackElo "2570"]
[TimeControl "180+1"]
[EndTime "9:05:08 PDT"]
[Termination "ckgchess won by resignation"]

1. e4 c6 2. d4 d5 3. e5 Bf5 4. h4 h5 5. c4 e6 6. Nc3 Ne7 7. Nge2 Nd7 8. Ng3 Bg6 9. Bg5 Qa5 10. Rc1 dxc4 11. Bxc4 Nf5 12. Nxf5 Bxf5 13. Bd3 Bxd3 14. Qxd3 Be7 15. O-O Rd8 16. Qe3 Nb6 17. Ne4 Nd5 18. Qg3 f6 19. Bd2 Qxa2 20. Qxg7 Kd7 21.
Nxf6+ Kc8 22. Nxd5 Qxd5 23. Qxe7 Qxd4 24. Bg5 Rde8 25.
Qd6 Qe4 26. Rfe1 Qa4 27. Ra1 1-0

[Event "Early-Titled-Tuesday-Blitz-September-12-2023"]
[Site "Chess.com"]
[Date "2023.09.12"]
[Round "6"]
[White "NowInChess"]
[Black "ivana_999"]
[Result "1-0"]
[WhiteElo "2253"]
[BlackElo "2026"]
[TimeControl "180+1"]
[EndTime "9:05:09 PDT"]
[Termination "NowInChess won by resignation"]

1. e4 e6 2. d4 d5 3. exd5 exd5 4. c4 Nf6 5. Nc3 Be7 6. Nf3 O-O 7. cxd5 Nxd5 8.
Bd3 Bg4 9. h3 Bh5 10. O-O c6 11. Re1 Nd7 12. Nxd5 cxd5 13. g4 Bg6 14. Ne5 Nxe5 15.
dxe5 Qa5 16. Bd2 Bb4 17. Bxb4 Qxb4 18. Bxg6 hxg6 19. Qxd5 Rad8 20. Qb3 Qxb3 21. axb3 a6 22. Rad1 Rfe8 23. f4 g5 24. Rxd8 Rxd8 25. fxg5 Rd3 26. Kg2 Rxb3 27. Re2 Kf8 28. h4 Ke7 29. h5 Ke6 30. h6 gxh6 31. gxh6 Rd3 32. h7 Rd8 33. Rf2 Rh8 34. Rf6+ Ke7 35. Rh6 Kf8 36. Kf3 Kg7 37.
Rb6 Rxh7 38. Rxb7 Rh2 39. e6 Kg8 40. exf7+ Kf8 41. g5 Rh5 42. g6 Rg5 43. Rb8+ Ke7 44. f8=Q+ 1-0

[Event "Early-Titled-Tuesday-Blitz-September-12-2023"]
[Site "Chess.com"]
[Date "2023.09.12"]
[Round "6"]
[White "enestnrvrd"]
[Black "Parhamov"]
[Result "0-1"]
[WhiteElo "2748"]
[BlackElo "3111"]
[TimeControl "180+1"]
[EndTime "9:05:11 PDT"]
[Termination "Parhamov won on time"]

1. d4 Nf6 2. Nf3 d5 3. c4 e6 4. Nc3 dxc4 5. e4 b5 6. e5 Nd5 7.
Nxb5 Nb6 8. Be2 Nc6 9. Nc3 Bb7 10. O-O Be7 11. Qd2 O-O 12. Qf4 Nb4 13. Rd1 Rb8 14.
Qg3 Kh8 15. h4 Nc2 16. Rb1 Bxf3 17. Bxf3 Nxd4 18. Bg5 c5 19. Ne4 f6 20. Bf4 f5 21. Ng5 Bxg5 22. hxg5 Nd5 23. Bd2 f4 24. Qg4 Nxf3+ 25. Qxf3 Qxg5 26. Re1 Rf5 27. Re4 Qh4 28. g3 fxg3 29. Rxh4 Rxf3 30. fxg3 c3 0-1

[Event "Early-Titled-Tuesday-Blitz-September-12-2023"]
[Site "Chess.com"]
[Date "2023.09.12"]
[Round "6"]
[White "LoydBlankenship"]
[Black "Alexandr_Predke"]
[Result "0-1"]
[WhiteElo "2636"]
[BlackElo "2890"]
[TimeControl "180+1"]
[EndTime "9:05:11 PDT"]
[Termination "Alexandr_Predke won by checkmate"]

1. e4 c5 2. Nf3 e6 3. d4 cxd4 4. Nxd4 a6 5. c4 Nf6 6. Bd3 Qc7 7. Nc3 Bc5 8. Be3 d6 9. f3 e5 10. Nc2 Be6 11. Qe2 Nc6 12. Nd5 Bxd5 13. exd5 Nb4 14. Bxc5 Qxc5 15. Nxb4 Qxb4+ 16. Qd2 Qc5 17. Qf2 Qa5+ 18.
Qd2 Qc7 19. O-O O-O 20. Rac1 a5 21. Qe3 Rfe8 22. b3 Nd7 23. Bb1 Qc5 24. Kf2 g6 25. g4 Kg7 26. h4 h6 27. h5 Qxe3+ 28. Kxe3 Nf6 29. hxg6 fxg6 30. Rh1 a4 31. b4 a3 32. Bd3 b5 33. Rhg1 bxc4 34. Bxc4 Reb8 35.
g5 hxg5 36. Rxg5 Rxb4 37. Bd3 Nxd5+ 38. Kd2 Rb2+ 39. Ke1 Nf4 40. Rc6 Nxd3+ 41. Kd1 Rh8 42.
Rxg6+ Kxg6 43. Rc8 Rh1# 0-1

[Event "Early-Titled-Tuesday-Blitz-September-12-2023"]
[Site "Chess.com"]
[Date "2023.09.12"]
[Round "6"]
[White "vladislavkovalev"]
[Black "djano"]
[Result "1-0"]
[WhiteElo "2899"]
[BlackElo "2643"]
[TimeControl "180+1"]
[EndTime "9:05:12 PDT"]
[Termination "vladislavkovalev won by resignation"]

1. e4 e5 2. Nf3 Nc6 3. Bb5 a6 4.
Ba4 Nf6 5. O-O d6 6. Re1 g6 7.
d4 b5 8. Bb3 Bg7 9. dxe5 dxe5 10. Qxd8+ Nxd8 11. Nxe5 Bb7 12. Nc3 O-O 13. Nd3 Re8 14.
f3 Ne6 15. Bxe6 Rxe6 16. Nc5 Rb6 17. Nxb7 Rxb7 18. Be3 Ne8 19. Rad1 Nd6 20. Bd4 Bxd4+ 21. Rxd4 Nc4 22. b3 Na3 23. Rd2 Re8 24. Kf2 Kg7 25. Nb1 Nxb1 26. Rxb1 c5 27. Rbd1 c4 28. Rd6 a5 29. Rc6 cxb3 30. cxb3 Re5 31. Ke3 a4 32. b4 h5 33. f4 Re8 34. a3 Rbe7 35. Rd4 Rb8 36. g3 Kf8 37. Rc5 Kg7 38. Rdd5 Reb7 39. h4 Kf6 40. Kd4 Ke6 41. Rc6+ Ke7 42. Kc5 f6 43. Rdd6 Rf8 44. Re6+ Kd7 45. Rcd6+ Kc7 46. Rxf6 Re8 47. Rf7+ Kb8 48. Rxb7+ Kxb7 49. e5 Rb8 50.
Kxb5 1-0

[Event "Early-Titled-Tuesday-Blitz-September-12-2023"]
[Site "Chess.com"]
[Date "2023.09.12"]
[Round "6"]
[White "kushbhagat2009"]
[Black "Biregina"]
[Result "1-0"]
[WhiteElo "2622"]
[BlackElo "2434"]
[TimeControl "180+1"]
[EndTime "9:05:12 PDT"]
[Termination "kushbhagat2009 won on time"]

1. d4 d6 2. Bf4 Nd7 3. Nf3 Ngf6 4. e3 b6 5. h3 Bb7 6. c4 c6 7.
Nc3 Qc7 8. Be2 e5 9. Bh2 Be7 10. O-O O-O 11. b4 a5 12. a3 axb4 13. axb4 Rxa1 14.
Qxa1 Ra8 15. Qb2 Qb8 16. c5 bxc5 17. bxc5 dxc5 18. dxe5 Nd5 19. Nxd5 cxd5 20. e6 Qc8 21. exd7 Qxd7 22. Rb1 Bc6 23. Ne5 Qe6 24. Bg4 Qf6 25.
Bg3 Be8 26. Qb7 Rd8 27. Bf3 Qe6 28. Rb6 Qf5 29. Qxe7 1-0

[Event "Early-Titled-Tuesday-Blitz-September-12-2023"]
[Site "Chess.com"]
[Date "2023.09.12"]
[Round "6"]
[White "Ducke13"]
[Black "Gyulamiryan-koryun"]
[Result "1-0"]
[WhiteElo "2472"]
[BlackElo "2029"]
[TimeControl "180+1"]
[EndTime "9:05:13 PDT"]
[Termination "Ducke13 won by resignation"]

1. d4 Nf6 2. g3 g6 3. Bg2 Bg7 4. e4 d6 5. Ne2 O-O 6. O-O c6 7.
a4 Nbd7 8. Nbc3 a5 9. h3 Nb6 10.
b3 e5 11. Be3 exd4 12. Bxd4 c5 13. Be3 Bd7 14. Qxd6 Rc8 15. Rad1 Bc6 16. Qxd8 Rfxd8 17. Bxc5 Rxd1 18. Rxd1 Nbd7 19. Bd4 Re8 20. f4 Kf8 21. e5 Ng8 22. Bxc6 bxc6 23. Bf2 Nb8 24. Bc5+ Ne7 25.
Ne4 Kg8 26. Bxe7 Rxe7 27. Rd8+ Bf8 28. Rxb8 Kg7 29. Nf6 g5 30. Nd4 gxf4 31. gxf4 Rc7 32. Ne8+ Kg6 33. Nxc7 1-0

[Event "Early-Titled-Tuesday-Blitz-September-12-2023"]
[Site "Chess.com"]
[Date "2023.09.12"]
[Round "6"]
[White "HrvojeZagreb"]
[Black "Sjakkerntobi"]
[Result "0-1"]
[WhiteElo "2272"]
[BlackElo "2540"]
[TimeControl "180+1"]
[EndTime "9:05:14 PDT"]
[Termination "Sjakkerntobi won on time"]

1. f4 e5 2. fxe5 d6 3. exd6 Bxd6 4. Nf3 g5 5. g3 g4 6. Nh4 Ne7 7. Nc3 Nbc6 8. Ne4 Ng6 9. Nxd6+ Qxd6 10. Ng2 h5 11. d3 h4 12. gxh4 Nxh4 13. Be3 Nxg2+ 14.
Bxg2 Rxh2 15. Bxc6+ bxc6 16. Rg1 Qb4+ 17. Qd2 Qxb2 18.
Rc1 Be6 19. Bf4 Rh3 20. Qa5 Qb6 21. Qxb6 cxb6 22. e4 Kd7 23. Kd2 Rah8 24. Kc3 Rf3 25. Be5 Rhh3 26. a4 f6 27. Bb8 Kc8 28. Bxa7 Kb7 29. Bxb6 Kxb6 30. Rb1+ Ka6 31. Rb4 g3 32. Rgb1 Rh7 33. Rb6+ Ka7 34. Rxc6 g2 35. Rxe6 Rf1 0-1

[Event "Early-Titled-Tuesday-Blitz-September-12-2023"]
[Site "Chess.com"]
[Date "2023.09.12"]
[Round "6"]
[White "MatthewG-p4p"]
[Black "Agibileg"]
[Result "1-0"]
[WhiteElo "2889"]
[BlackElo "2638"]
[TimeControl "180+1"]
[EndTime "9:05:16 PDT"]
[Termination "MatthewG-p4p won by checkmate"]

1. e4 c5 2. c3 d5 3. exd5 Qxd5 4.
d4 Nc6 5. Nf3 Bg4 6. dxc5 Qxd1+ 7. Kxd1 e5 8. b4 Nf6 9. h3 Bxf3+ 10. gxf3 a5 11. Bd2 axb4 12. cxb4 O-O-O 13. a3 Nd4 14. Bc4 Nxf3 15. Kc2 Ne4 16. Be3 f6 17. Nc3 Nd4+ 18.
Kb2 Nxc3 19. Kxc3 Be7 20. Rhd1 f5 21. Bxd4 exd4+ 22. Kd3 Kc7 23. a4 Bf6 24. a5 g5 25.
a6 h5 26. axb7 Kxb7 27. Ra6 Rhf8 28. Rda1 Be5 29. Rb6+ Kc8 30. Be6+ Kc7 31. Ra7# 1-0

[Event "Early-Titled-Tuesday-Blitz-September-12-2023"]
[Site "Chess.com"]
[Date "2023.09.12"]
[Round "6"]
[White "CSB7"]
[Black "kuba2006"]
[Result "1-0"]
[WhiteElo "2718"]
[BlackElo "2532"]
[TimeControl "180+1"]
[EndTime "9:05:18 PDT"]
[Termination "CSB7 won by resignation"]

1. d4 Nf6 2. c4 d6 3. Nf3 Nbd7 4. g3 e5 5. Bg2 Be7 6. O-O O-O 7. Nc3 c6 8. e4 a6 9. Qe2 b5 10. a3 Bb7 11. Rd1 Rb8 12. dxe5 dxe5 13. Nxe5 Nxe5 14. Rxd8 Rbxd8 15. cxb5 cxb5 16. Bf4 Nd3 17. e5 Nxf4 18. gxf4 Nd5 19. Nxd5 Bxd5 20. Bxd5 Rxd5 21. Rd1 Rfd8 22. Rxd5 Rxd5 23. Qf3 Rd8 24. Qb7 Bf8 25. Qxa6 b4 26. a4 Rd2 27. b3 Rd4 28. Qb7 Rd1+ 29.
Kg2 Ra1 30. Qb6 Ra3 31. Qe3 g6 32. f5 gxf5 33. Qg5+ Bg7 34. Qd8+ Bf8 35. Qg5+ Bg7 36. Qxf5 Rxb3 37. e6 f6 38. e7 Kf7 39. e8=Q+ Kxe8 40. Qe6+ 1-0

[Event "Early-Titled-Tuesday-Blitz-September-12-2023"]
[Site "Chess.com"]
[Date "2023.09.12"]
[Round "6"]
[White "AlexPapasimakopoulos"]
[Black "artin10862"]
[Result "0-1"]
[WhiteElo "2770"]
[BlackElo "2946"]
[TimeControl "180+1"]
[EndTime "9:05:19 PDT"]
[Termination "artin10862 won by resignation"]

1. d4 Nf6 2. c4 e6 3. Nc3 d5 4.
cxd5 exd5 5. Bg5 Be7 6. e3 h6 7. Bh4 Bg4 8. Qb3 Nbd7 9. h3 Be6 10. Nf3 O-O 11. Be2 c5 12. Bg3 c4 13. Qxb7 Qa5 14. Bc7 Nb6 15. Bxb6 Qxb6 16. Qxe7 Qxb2 17. O-O Qxc3 18.
Rab1 Qa5 19. a3 Ne4 20. Qb4 Qc7 21. Rfc1 Rab8 22. Qe1 Bf5 23. Nd2 Nxd2 24. Rxb8 Rxb8 25. Qxd2 Rb3 26. Bf3 Be6 27. Qa2 Qa5 28. a4 Qb4 29. a5 Rb2 30. Qa1 c3 31. e4 c2 32. exd5 Rb1 33. dxe6 Rxa1 34. exf7+ 0-1

[Event "Early-Titled-Tuesday-Blitz-September-12-2023"]
[Site "Chess.com"]
[Date "2023.09.12"]
[Round "6"]
[White "Witty_Alien"]
[Black "Ermito2020"]
[Result "0-1"]
[WhiteElo "2185"]
[BlackElo "2592"]
[TimeControl "180+1"]
[EndTime "9:05:19 PDT"]
[Termination "Ermito2020 won on time"]

1. e4 e6 2. d4 d5 3. Nd2 Be7 4.
c3 Nf6 5. e5 Nfd7 6. Bd3 c5 7. f4 Nc6 8. Ngf3 Qb6 9. O-O cxd4 10.
Kh1 Nc5 11. Bb1 dxc3 12. bxc3 Bd7 13. Nb3 Ne4 14. Bxe4 dxe4 15. Ng5 Bxg5 16. fxg5 Nxe5 17. Ba3 Nd3 18. Nd4 e5 19. Rxf7 Kxf7 20. Qh5+ Qg6 21.
Rf1+ Ke8 22. Qh4 exd4 23. cxd4 Rc8 24. d5 Rc3 25. Bd6 Qxd6 26. Qxe4+ Qe5 27. Qh4 Rc1 0-1

[Event "Early-Titled-Tuesday-Blitz-September-12-2023"]
[Site "Chess.com"]
[Date "2023.09.12"]
[Round "6"]
[White "DopplerCharlotteDeWitte"]
[Black "skoularikii"]
[Result "1-0"]
[WhiteElo "2680"]
[BlackElo "2529"]
[TimeControl "180+1"]
[EndTime "9:05:20 PDT"]
[Termination "DopplerCharlotteDeWitte won by resignation"]

1. e4 e5 2. Nf3 Nc6 3. d4 exd4 4. Nxd4 Bc5 5. Nb3 Bb6 6. Nc3 Nge7 7. a4 a5 8. Nd5 Nxd5 9. exd5 Ne5 10. d6 Qf6 11. f4 O-O 12. Be2 Re8 13. Qd5 Nc6 14. Bd2 Qxb2 15. c3 Qc2 16. Rc1 Qe4 17. Qxe4 Rxe4 18. Kd1 Rxa4 19. Bd3 cxd6 20. Re1 Kf8 21. Kc2 Na7 22. Re2 g6 23. f5 Kg7 24. f6+ Kxf6 25. Rf1+ Kg7 26. Re7 Ra2+ 27. Kb1 Rc2 28. Rexf7+ 1-0